 Dungeon Crawl Stone Soup version 0.23-a0-650-ga4d50d4 (webtiles) character file.

8757 Mgcat the Grappler (level 11, -6/63 HPs)
             Began as a Gargoyle Transmuter on Jan 6, 2019.
             Was an Elder of Okawaru.
             Mangled by Snorg (20 damage)
             ... on level 11 of the Dungeon.
             The game lasted 00:33:26 (13115 turns).

Mgcat the Grappler (Gargoyle Transmuter)           Turns: 13115, Time: 00:33:27

Health: -6/63      AC:  2    Str: 21    XL:     11   Next: 35%
Magic:  13/18      EV: 24    Int: 15    God:    Okawaru [****..]
Gold:   368        SH:  0    Dex: 15    Spells: 5/20 levels left

rFire    + . .     SeeInvis .     - Unarmed
rCold    . . .     Gourm    .   (shield currently unavailable)
rNeg     + . .     Faith    .   (armour currently unavailable)
rPois    ∞         Spirit   .   (helmet currently unavailable)
rElec    .         Reflect  .   (cloak currently unavailable)
rCorr    .         Harm     .   (gloves currently unavailable)
MR       .....                  (boots currently unavailable)
Stlth    +++.......             x - amulet of regeneration {+regen, !d}
HPRegen  0.60/turn              g - ring of protection from fire {rF+, !d}
MPRegen  0.16/turn              (no ring)

@: mighty, spider-form, heroism
A: tiny, negative energy resistance 1, petrification resistance, rot immunity,
AC +8
a: End Transformation, Heroism, Renounce Religion


You were on level 11 of the Dungeon.
You worshipped Okawaru.
Okawaru was greatly pleased with you.
You were not hungry.
You were a venomous arachnid creature.
You visited 2 branches of the dungeon, and saw 12 of its levels.
You also visited: Bailey.

You collected 727 gold pieces.
You spent 359 gold pieces at shops.

Inventory:

Missiles
 a - 173 arrows
 n - 7 curare-tipped needles
Armour
 f - a +0 helmet (melded)
   (You took it off Robin on level 2 of the Dungeon)
 q - a +1 pair of boots (melded)
   (You found it on level 6 of the Dungeon)
 s - a +2 robe of magic resistance (melded)
   (You found it on level 3 of the Dungeon)
Jewellery
 g - a ring of protection from fire (left front leg) {rF+, !d}
   (You found it on level 11 of the Dungeon)
 x - an amulet of regeneration (around neck) {+regen, !d}
   (You found it on level 3 of the Dungeon)
Wands
 b - a wand of iceblast (5)
   (You found it on level 7 of the Dungeon)
 w - a wand of paralysis (5)
   (You took it off Ijyb on level 3 of the Dungeon)
 D - a wand of enslavement (10)
   (You found it on level 9 of the Dungeon)
Scrolls
 e - 3 scrolls of immolation {!r}
 h - 2 scrolls of magic mapping {!r}
 k - 4 scrolls of amnesia
 m - 5 scrolls of remove curse
 p - 2 scrolls of fog
 y - 6 scrolls of teleportation
 z - a scroll of blinking {!r}
 A - 8 scrolls of identify
Potions
 c - 2 potions of haste
 i - a potion of might
 j - a potion of resistance {unknown}
 l - 2 potions of heal wounds
 o - 2 potions of brilliance (quivered)
 r - a potion of berserk rage {unknown}
 t - 2 potions of flight
 u - a potion of lignification {unknown}
 v - a potion of invisibility
 C - a potion of curing {unknown}
 E - 2 potions of agility {unknown}
Comestibles
 d - 11 rations
 B - 8 chunks of flesh {@w0}


   Skills:
 - Level 5.0(10.0) Fighting
 - Level 1.5(6.5) Dodging
 + Level 10.2(15.2) Unarmed Combat
 - Level 5.0 Spellcasting
 + Level 7.7 Transmutations
 - Level 5.0 Ice Magic
 - Level 5.0 Poison Magic
 - Level 5.5 Invocations


You had 5 spell levels left.
You knew the following spells:

 Your Spells              Type           Power        Failure   Level  Hunger
a - Beastly Appendage     Tmut           ####..       4%          1    None
b - Sticks to Snakes      Tmut           ####....     5%          2    ##.....
c - Spider Form           Tmut/Pois      ###.......   12%         3    ###....
d - Blade Hands           Tmut           ####......   38%         5    ######.
e - Ice Form              Ice/Tmut       ###.....     28%         4    ####...

Your spell library contained the following spells:

 Spells                   Type           Power        Failure   Level  Hunger
 Passwall                 Tmut/Erth      ###.....     14%         2    ##.....
 Ensorcelled Hibernation  Hex/Ice        ##....       22%         2    ##.....
 Corona                   Hex            #......      34%         1    None
 Magic Dart               Conj           #...         34%         1    None
 Sandblast                Erth           #.....       34%         1    None
 Summon Small Mammal      Summ           #...         34%         1    None
 Call Imp                 Summ           #.......     45%         2    ##.....
 Searing Ray              Conj           #.....       45%         2    ##.....
 Petrify                  Tmut/Erth      ###.....     54%         4    ####...
 Call Canine Familiar     Summ           #.......     65%         3    ###....
 Confuse                  Hex            #.......     65%         3    ###....
 Dazzling Spray           Conj/Hex       #.....       65%         3    ###....
 Stone Arrow              Conj/Erth      #.....       65%         3    ###....
 Summon Guardian Golem    Hex/Summ       #.......     65%         3    ###....
 Tukima's Dance           Hex            #.......     65%         3    ###....
 Summon Ice Beast         Ice/Summ       ##......     71%         4    ####...
 Force Lance              Conj/Tloc      #.......     95%         4    ####...
 Fulminant Prism          Conj/Hex       #.........   95%         4    ####...
 Iskenderun's Mystic Bla  Conj           #.......     95%         4    ####...
 Summon Lightning Spire   Summ/Air       #.......     95%         4    ####...
 Lee's Rapid Deconstruct  Erth           #.........   100%        5    ######.


Dungeon Overview and Level Annotations

Branches:
Dungeon (11/15)            Temple (1/1) D:6            Lair (0/6) D:11
    Orc (0/2) D:9

Altars:
Ashenzari
Cheibriados
Dithmenos
Elyvilon
Fedhas
Gozag
Hepliaklqana
Kikubaaqudgha
Makhleb
Nemelex Xobeh
Okawaru
Qazlal
Ru
Sif Muna
Trog
Uskayaw
Vehumet
Wu Jian
Xom
Yredelemnul
Zin
The Shining One

Shops:
D:6 %[*   D:7 [

Annotations:
D:3 1 runed door, George's ghost, weakling DsFi
D:11 Snorg


Innate Abilities, Weirdness & Mutations

You are resistant to torment.
((Your stone body is resilient. (AC +8)))
You are immune to poison.
You resist negative energy. (rN+)
((You are resistant to electric shocks. (rElec)))
((You can survive without breathing.))
You are immune to petrification.
You are immune to rotting.


Message History

Your adder bites the hippogriff but does no damage.
Warning x2: The hippogriff can hit for high damage in melee!
Snorg can berserk You hit the hippogriff.
The hippogriff looks as sick as possible!
The hippogriff is severely wounded.
Your adder bites the hippogriff but does no damage.
The hippogriff completely misses you. The hippogriff closely misses you.
The hippogriff claws you but does no damage.
Snorg misses you. Snorg barely misses you. Snorg claws you!
You take 11 damage, and have 52/63 hp.
Warning x2: The hippogriff can hit for high damage in melee!
Snorg can berserk You hit the hippogriff but do no damage.
The hippogriff is severely wounded.
Your adder barely misses the hippogriff.
The hippogriff bites you!
The hippogriff misses you. x2; Snorg goes berserk!
You take 7 damage, and have 45/63 hp.
Lua error: [string "/dgldir/rcfiles/crawl-git/Mgcat.rc"]:918: invalid capture You are too injured to fight recklessly!
Warning x2: The hippogriff can hit for high damage in melee!
Snorg (berserk)
You are too injured to fight recklessly!
Lua error: [string "/dgldir/rcfiles/crawl-git/Mgcat.rc"]:918: invalid capture You bite the hippogriff!
The hippogriff looks as sick as possible!
The hippogriff is almost dead.
Your adder barely misses the hippogriff.
Snorg misses you. Snorg closely misses you. Snorg misses you.
The hippogriff bites you! The hippogriff misses you. The hippogriff claws you.
You take 17 damage, and have 28/63 hp.
MASSIVE DAMAGE!!
Warning x2: The hippogriff can hit for high damage in melee!
Snorg (berserk) Unknown command.
Lua error: [string "/dgldir/rcfiles/crawl-git/Mgcat.rc"]:918: invalid capture You barely miss the hippogriff.
The hippogriff is almost dead.
Snorg closely misses you. Snorg barely misses you. Snorg misses you.
Your adder bites the hippogriff but does no damage.
The hippogriff bites your adder. The hippogriff pecks your adder.
The hippogriff claws your adder.
Warning x2: The hippogriff can hit for high damage in melee!
Snorg (berserk) Unknown command.
Lua error: [string "/dgldir/rcfiles/crawl-git/Mgcat.rc"]:918: invalid capture You hit the hippogriff.
The hippogriff looks as sick as possible!
The hippogriff is almost dead.
Snorg bites you. Snorg claws you but does no damage. Snorg barely misses you.
Your adder bites the hippogriff but does no damage.
Snorg bites you. Snorg misses you. Snorg claws you!
* * * LOW HITPOINT WARNING * * *
You take 21 damage, and have 8/63 hp.
MASSIVE DAMAGE!!
Warning x2: The hippogriff can hit for high damage in melee!
Snorg (berserk) Unknown command.
Lua error: [string "/dgldir/rcfiles/crawl-git/Mgcat.rc"]:918: invalid capture Unknown command.
Lua error: [string "/dgldir/rcfiles/crawl-git/Mgcat.rc"]:918: invalid capture You kill the hippogriff!
Okawaru accepts your kill.
Your adder bites Snorg.
Spoiler Alert: Snorg (berserk) can berserk and hit for high damage!
Unknown command.
Lua error: [string "/dgldir/rcfiles/crawl-git/Mgcat.rc"]:918: invalid capture Unknown command.
Lua error: [string "/dgldir/rcfiles/crawl-git/Mgcat.rc"]:918: invalid capture Lua error: [string "/dgldir/rcfiles/crawl-git/Mgcat.rc"]:918: invalid capture Unknown command.
Spoiler Alert: Snorg (berserk) can berserk and hit for high damage!
Unknown command.
Lua error: [string "/dgldir/rcfiles/crawl-git/Mgcat.rc"]:918: invalid capture You feel much better.
Snorg misses you. x2; Snorg closely misses you.
Your adder barely misses Snorg.
Snorg bites you. Snorg claws you. Snorg completely misses you.
You regained 20 hp, and now have 29/63 hp.
Lua error: [string "/dgldir/rcfiles/crawl-git/Mgcat.rc"]:918: invalid capture You feel very mighty all of a sudden.
Your adder closely misses Snorg.
Snorg barely misses you. Snorg claws you! Snorg claws you.
You take 10 damage, and have 19/63 hp.
Lua error: [string "/dgldir/rcfiles/crawl-git/Mgcat.rc"]:918: invalid capture Unknown command.
Lua error: [string "/dgldir/rcfiles/crawl-git/Mgcat.rc"]:918: invalid capture Unknown command.
Spoiler Alert: Snorg (berserk) can berserk and hit for high damage!
Unknown command.
Lua error: [string "/dgldir/rcfiles/crawl-git/Mgcat.rc"]:918: invalid capture You maul Snorg!!
Snorg is poisoned.
Snorg is lightly wounded.
Snorg bites you.
* * * LOW HITPOINT WARNING * * *
Snorg claws you but does no damage. Snorg completely misses you.
Your adder bites Snorg.
Snorg looks as sick as possible!
Your adder poisons Snorg!
Snorg barely misses you. Snorg misses you. x2
Your adder bites Snorg.
You take 6 damage, and have 13/63 hp.
Lua error: [string "/dgldir/rcfiles/crawl-git/Mgcat.rc"]:918: invalid capture Unknown command.
Lua error: [string "/dgldir/rcfiles/crawl-git/Mgcat.rc"]:918: invalid capture Unknown command.
Spoiler Alert: Snorg (berserk) can berserk and hit for high damage!
You gain the combat prowess of a mighty hero.
Your adder withers and dies!
Snorg misses you. Snorg claws you!!
You die...

**,,,,,...,#.....############....
**,,,,,....#.....#...............
**,,,,,....#.....#.#.............
,***,,,..........#.#.............
,,**,**#.........#.###.######....
,,,*,* #.........'.# #...####....
,,,*,* #.........#######÷÷....###
,,,,,* #.....#.T#........####.# #
,,,,,* #....,##.s.....##.# #.# #
,,,,,* #..............##.####'###
,,,,,**#....###.......##.......##
,,,,,,,...,,* #.......#####....##
,,,*,,,.,,,,* #.......+,,*#....##
,,,*,,,,,,,,**#.......#*,*#....##
,,**,,,,,,,,+,........#*,*#....##
,***,,,,,,,,**##.../..#*,*#....#
,,,,,,,,,,,,,,,,,,,,,,**,*#....#*


You could see Snorg (berserk).

Vanquished Creatures
  3 two-headed ogres
  A hippogriff (D:11)
  Sigmund (D:2)
  A wraith (D:7)
  3 yaks (D:11)
  2 wyverns
  A hungry ghost (D:7)
  Menkaure (D:4)
  Edmund (D:4)
  2 water moccasins
  2 ice beasts
  5 orc warriors
  2 sky beasts
  3 ogres
  3 phantoms
  8 centaurs
  A big kobold (D:10)
  5 bullfrogs
  Blork the orc (D:4)
  2 wyvern skeletons
  A water moccasin skeleton (D:4)
  10 wights
  3 howler monkeys
  2 bullfrog zombies
  2 crimson imps
  A quasit (D:10)
  6 hounds
  6 orc priests
  3 iguanas
  3 bullfrog skeletons
  2 centaur skeletons
  Ijyb (D:3)
  7 orc wizards
  9 worker ants
  2 hound skeletons
  A worker ant zombie (D:9)
  9 gnolls
  5 adders
  3 shadow imps
  12 white imps (D:11)
  An ooze (D:3)
  An adder skeleton (D:8)
  3 worms
  6 leopard geckos
  36 orcs
  6 giant cockroaches
  15 goblins
  11 hobgoblins
  17 jackals
  11 kobolds
  7 quokkas
  2 ball pythons
  5 bats
  3 frilled lizards
  A jackal skeleton (D:4)
  9 rats
270 creatures vanquished.

Vanquished Creatures (collateral kills)
  A yak (D:11)
  3 wights (D:7)
  A worker ant (D:4)
  Robin (D:2)
  2 orcs
8 creatures vanquished.

Vanquished Creatures (others)
  A kobold (D:2)
1 creature vanquished.

Grand Total: 279 creatures vanquished

Notes
Turn   | Place    | Note
-------+----------+-------------------------------------------
     0 | D:1      | Mgcat the Gargoyle Transmuter began the quest for the Orb.
     0 | D:1      | Reached XP level 1. HP: 12/12 MP: 3/3
    76 | D:1      | Reached XP level 2. HP: 7/16 MP: 5/5
   413 | D:1      | Learned a level 2 spell: Sticks to Snakes
   965 | D:2      | Reached skill level 2 in Transmutations
  1108 | D:2      | Noticed Robin
  1131 | D:2      | Reached XP level 3. HP: 20/20 MP: 6/6
  1150 | D:2      | HP: 4/20 [Robin/+0 falchion (4)]
  1152 | D:2      | Killed Robin
  1332 | D:2      | Found a white marble altar of Elyvilon.
  1492 | D:2      | Reached XP level 4. HP: 20/26 MP: 5/8
  1510 | D:2      | Learned a level 3 spell: Spider Form
  1675 | D:2      | Noticed Sigmund
  1727 | D:3      | Reached skill level 2 in Fighting
  2115 | D:3      | Found a sparkling altar of Nemelex Xobeh.
  2135 | D:3      | Reached XP level 5. HP: 20/30 MP: 3/9
  2218 | D:3      | Found a runed door.
  2220 | D:3      | Noticed George's ghost (weakling DsFi)
  2297 | D:3      | Reached skill level 3 in Spellcasting
  2427 | D:3      | Found an ancient bone altar of Kikubaaqudgha.
  2553 | D:3      | Reached skill level 1 in Poison Magic
  2626 | D:3      | Noticed Ijyb
  2630 | D:3      | Paralysed by Ijyb for 7 turns
  2634 | D:3      | Killed Ijyb
  2811 | D:4      | Found a glowing silver altar of Zin.
  2884 | D:4      | Reached XP level 6. HP: 27/36 MP: 4/10
  2926 | D:4      | Reached skill level 3 in Fighting
  2926 | D:4      | Reached skill level 4 in Unarmed Combat
  2926 | D:4      | Reached skill level 3 in Transmutations
  3002 | D:4      | Noticed Menkaure
  3021 | D:4      | Reached skill level 2 in Poison Magic
  3071 | D:4      | Killed Menkaure
  3071 | D:4      | Reached XP level 7. HP: 28/41 MP: 7/12
  3121 | D:4      | Learned a level 5 spell: Blade Hands
  3128 | D:4      | Noticed Blork the orc
  3137 | D:4      | Killed Blork the orc
  3138 | D:4      | Noticed Edmund
  3141 | D:3      | Found an opulent altar of Gozag.
  3141 | D:3      | Found a shimmering altar of Xom.
  3451 | D:4      | Killed Edmund
  3451 | D:4      | Reached skill level 4 in Spellcasting
  3898 | D:4      | Reached skill level 4 in Fighting
  3898 | D:4      | Reached skill level 3 in Poison Magic
  4103 | D:4      | Reached XP level 8. HP: 48/48 MP: 10/14
  4234 | D:4      | Found a hazy altar of Hepliaklqana.
  4316 | D:5      | Entered Level 5 of the Dungeon
  4476 | D:5      | Reached skill level 5 in Unarmed Combat
  4574 | D:5      | Reached skill level 4 in Transmutations
  4632 | D:5      | Found a deep blue altar of Sif Muna.
  4654 | D:5      | Found a shattered altar of Ashenzari.
  4659 | D:5      | Found a stormy altar of Qazlal.
  4819 | D:5      | You fall through a shaft!
  4820 | D:6      | Found Nilohios's Food Shop.
  4821 | D:6      | Found Lienid's Antique Armour Boutique.
  4884 | D:6      | Bought an encrusted leather armour for 147 gold pieces
  5029 | D:6      | Identified the cursed +1 leather armour "Rilua" {MP+9 Str+2
                  | Dex+4 SInv} (You bought it in a shop on level 6 of the
                  | Dungeon)
  5147 | D:6      | Found an opulent altar of Gozag.
  5240 | D:6      | Reached skill level 5 in Fighting
  5240 | D:6      | Reached skill level 4 in Poison Magic
  5285 | D:6      | Reached skill level 5 in Spellcasting
  5349 | D:6      | HP: 10/49 [centaur/cursed -2 shortbow (6)]
  5354 | D:6      | Reached XP level 9. HP: 10/54 MP: 3/16
  5568 | D:6      | Reached skill level 6 in Unarmed Combat
  5639 | D:6      | Found a staircase to the Ecumenical Temple.
  5653 | Temple   | Entered the Ecumenical Temple
  5692 | Temple   | Became a worshipper of Warmaster Okawaru
  5970 | D:6      | Found Qonazaiw's Assorted Antiques.
  5974 | D:6      | Bought a scroll labeled ZIYQOAMO WYOXT for 29 gold pieces
  5975 | D:6      | Bought a scroll labeled ECIACS NA KIMUCH for 29 gold pieces
  6346 | D:7      | Reached skill level 1 in Invocations
  6565 | D:5      | Reached skill level 5 in Poison Magic
  6610 | D:5      | Found a blossoming altar of Fedhas.
  6619 | D:5      | Reached skill level 5 in Transmutations
  6935 | D:2      | Killed Sigmund
  6935 | D:2      | Reached * piety under Okawaru
  6935 | D:2      | Reached skill level 2 in Invocations
  7692 | D:7      | Reached skill level 3 in Invocations
  7952 | D:7      | HP: 5/54 [ice beast (12)]
  7964 | D:7      | Reached skill level 7 in Unarmed Combat
  8523 | D:7      | Reached skill level 4 in Invocations
  8641 | D:7      | Found a burning altar of Makhleb.
  8641 | D:7      | Found a radiant altar of Vehumet.
  8716 | D:7      | Found Liwatearchu's Antique Armour Shop.
  8726 | D:7      | Bought a transparent leather armour for 154 gold pieces
  8747 | D:7      | Identified the +1 leather armour of Tulips {rN+ Int+4} (You
                  | bought it in a shop on level 7 of the Dungeon)
  9207 | D:8      | Learned a level 4 spell: Ice Form
  9244 | D:8      | Found an ancient bone altar of Kikubaaqudgha.
  9427 | D:8      | Noticed a two-headed ogre
  9445 | D:8      | Killed a two-headed ogre
  9445 | D:8      | Reached ** piety under Okawaru
  9445 | D:8      | Reached skill level 8 in Unarmed Combat
  9445 | D:8      | Reached skill level 2 in Ice Magic
  9445 | D:8      | Reached skill level 5 in Invocations
  9445 | D:8      | Reached XP level 10. HP: 18/59 MP: 1/17
  9449 | D:8      | HP: 13/59 [iguana (6)]
 10378 | D:8      | Reached skill level 3 in Ice Magic
 10695 | D:9      | Noticed a two-headed ogre
 10707 | D:9      | HP: 14/59 [two-headed ogre/+0 giant spiked club (23)]
 10712 | D:9      | Killed a two-headed ogre
 10712 | D:9      | Reached *** piety under Okawaru
 10712 | D:9      | Reached skill level 6 in Transmutations
 11177 | D:9      | Noticed a two-headed ogre
 11201 | D:9      | Killed a two-headed ogre
 11201 | D:9      | Reached skill level 9 in Unarmed Combat
 11201 | D:9      | Reached skill level 4 in Ice Magic
 11424 | D:9      | Found a snail-covered altar of Cheibriados.
 11475 | D:9      | Reached skill level 5 in Ice Magic
 11481 | D:9      | HP: 10/59 [orc/+0 war axe (10)]
 11766 | D:9      | Found a staircase to the Orcish Mines.
 12012 | D:10     | Entered Level 10 of the Dungeon
 12022 | D:9      | Reached XP level 11. HP: 58/63 MP: 8/18
 12091 | D:10     | Found a flagged portal.
 12123 | Bailey   | Entered a bailey
 12123 | Bailey   | Noticed an orc knight
 12123 | Bailey   | Noticed an orc knight
 12124 | Bailey   | Noticed an orc knight
 12291 | D:10     | Reached skill level 7 in Transmutations
 12318 | D:10     | Received a gift from Okawaru
 12321 | D:10     | Found a bloodstained altar of Trog.
 12808 | D:11     | Found a frozen archway.
 12921 | D:11     | Reached **** piety under Okawaru
 12932 | D:11     | Reached skill level 10 in Unarmed Combat
 13098 | D:11     | Noticed Snorg
 13109 | D:11     | HP: 8/63 [Snorg (13)]
 13114 | D:11     | HP: 13/63 [Snorg (6)]
 13115 | D:11     | Mangled by Snorg

Vault maps used:
D:1:      dpeg_arrival_arbitrary_b, minivault_19
D:2:      first_ration, elyvilon_altar_5, uniq_robin, uniq_crazy_yiuf_cottage,
          uniq_sigmund
D:3:      nicolae_overflow_hidden_temple, kiku_gazebo_garden_becter,
          ebering_ghost_sewer_d, uniq_ijyb
D:4:      lemuel_coloured_pillars_altar, zin_academy, uniq_edmund,
          uniq_blork_the_orc, uniq_menkaure
D:5:      overflow_temple_1_default, minitemple, nrook_uturn,
          minmay_quadrilaterals
D:6:      minmay_temple_entry_offerings, serial_shops, shop, nicolae_shop_trees,
          shop, minivault_27, nicolae_gozag_seed_capital
D:7:      grunt_temple_overflow_lords_of_destruction, serial_shops, shop
D:8:      basic_altar
D:9:      kennysheep_mini, david_orc_4, stair_cage_line
D:10:     enter_bailey_7, bloody_trog
D:11:     david_lair_generic, portal_ice_cave_entry_imps, hangedman_ranch,
          uniq_snorg, uniq_sonja
Temple:   jpeg_temple_island
Bailey:   bailey_polearm_4, bailey

Skill      XL: |  1  2  3  4  5  6  7  8  9 10 11 |
---------------+----------------------------------+-----
Transmutations | 2 3 4 5 6 7 |  7.7
Fighting       | 2 3 4 5 |  5.0
Spellcasting   | 3 4 5 |  5.0
Poison Magic   | 1 2 3 4 5 |  5.0
Unarmed Combat | 4 5 8 9 10 | 10.2
Invocations    | 5 |  5.5
Ice Magic      | 2 5 |  5.0
Dodging        | |  1.5

Action                   |  1- 3 |  4- 6 |  7- 9 | 10-12 || total
-------------------------+-------+-------+-------+-------++-------
Melee: Unarmed           |   143 |   189 |   489 |   376 ||  1197
       Kick              |     8 |    16 |     1 |       ||    25
       Punch             |     1 |     1 |     2 |     2 ||     6
       Headbutt          |    10 |     8 |     3 |       ||    21
 Cast: Beastly Appendage |    15 |    14 |     4 |       ||    33
       Sticks to Snakes  |     1 |     2 |    18 |    14 ||    35
       Spider Form       |       |     5 |    33 |    25 ||    63
       Blade Hands       |       |       |       |     1 ||     1
       Ice Form          |       |       |       |     1 ||     1
Invok: Heroism           |       |       |       |     3 ||     3
Evoke: Wand              |       |     1 |       |       ||     1
  Use: Potion            |     1 |       |       |     2 ||     3
       Scroll            |       |     7 |    12 |     2 ||    21
 Stab: Paralysed         |       |     5 |       |       ||     5
       Distracted        |       |       |       |     1 ||     1
  Eat: Chunk             |     2 |     6 |    17 |    15 ||    40
       Ration            |       |       |     4 |       ||     4
Armor: Robe              |    49 |    56 |    54 |    39 ||   198
       Skin              |       |     5 |    19 |    19 ||    43
Dodge: Dodged            |    96 |   114 |   296 |   337 ||   843

Table legend:
 A = Non-vault XP
 B = Vault XP
 C = Vault XP percentage of total XP
 D = Non-vault monster count
 E = Vault monster count
 F = Vault count percentage of total count
                 A         B        C        D         E       F
            +---------+---------+-------+---------+---------+-------
      Total |   10853 |    1658 |  13.3 |     228 |      50 |  18.0
            +---------+---------+-------+---------+---------+-------
        D:1 |      25 |       0 |   0.0 |      15 |       0 |   0.0
        D:2 |      44 |     266 |  85.8 |      24 |      13 |  35.1
        D:3 |     122 |      36 |  22.8 |      30 |       1 |   3.2
        D:4 |     563 |     434 |  43.5 |      29 |       3 |   9.4
        D:5 |     526 |      41 |   7.2 |      12 |       1 |   7.7
        D:6 |     887 |       0 |   0.0 |      17 |       0 |   0.0
        D:7 |    1188 |      50 |   4.0 |      20 |       1 |   4.8
        D:8 |    1977 |       0 |   0.0 |      38 |       0 |   0.0
        D:9 |    2666 |     673 |  20.2 |      15 |      15 |  50.0
       D:10 |    1097 |      33 |   2.9 |      18 |       4 |  18.2
       D:11 |    1758 |     125 |   6.6 |      10 |      12 |  54.5
            +---------+---------+-------+---------+---------+-------

Vault maps used:
D:1:      dpeg_arrival_arbitrary_b, minivault_19
D:2:      first_ration, elyvilon_altar_5, uniq_robin, uniq_crazy_yiuf_cottage,
          uniq_sigmund
D:3:      nicolae_overflow_hidden_temple, kiku_gazebo_garden_becter,
          ebering_ghost_sewer_d, uniq_ijyb
D:4:      lemuel_coloured_pillars_altar, zin_academy, uniq_edmund,
          uniq_blork_the_orc, uniq_menkaure
D:5:      overflow_temple_1_default, minitemple, nrook_uturn,
          minmay_quadrilaterals
D:6:      minmay_temple_entry_offerings, serial_shops, shop, nicolae_shop_trees,
          shop, minivault_27, nicolae_gozag_seed_capital
D:7:      grunt_temple_overflow_lords_of_destruction, serial_shops, shop
D:8:      basic_altar
D:9:      kennysheep_mini, david_orc_4, stair_cage_line
D:10:     enter_bailey_7, bloody_trog
D:11:     david_lair_generic, portal_ice_cave_entry_imps, hangedman_ranch,
          uniq_snorg, uniq_sonja
Temple:   jpeg_temple_island
Bailey:   bailey_polearm_4, bailey

Table legend:
 A = Turns spent in this place as a percentage of turns spent in the entire game.
 B = Non-inter-level travel turns spent in this place as a percentage of non-inter-level travel turns spent in the entire game.
 C = Inter-level travel turns spent in this place as a percentage of turns spent in this place.
 D = Turns resting spent in this place as a percentage of non-inter-level travel turns spent in this place.
 E = Turns spent auto-exploring this place as a percentage of non-inter-level travel turns spent in this place.
 F = Non-inter-level travel turns spent in this place divided by the number of levels of this place that you've seen.
                   A       B       C       D       E      F
               +-------+-------+-------+-------+-------+----------------------
         Total | 100.0 | 100.0 |   4.4 |  20.9 |  57.0 | 964.2
       Dungeon |  99.4 |  99.6 |   4.2 |  21.0 |  57.0 | 1135.2
        Temple |   0.6 |   0.3 |  48.7 |   0.0 |  70.0 |  40.0
        Bailey |   0.1 |   0.1 |   0.0 |   0.0 |   0.0 |   7.0
               +-------+-------+-------+-------+-------+----------------------

Table legend:
 A = Kills in this place as a percentage of kills in entire the game.
 B = Kills by you in this place as a percentage of kills by you in the entire game.
 C = Kills by friends in this place as a percentage of kills by friends in the entire game.
 D = Other kills in this place as a percentage of other kills in the entire game.
 E = Experience gained in this place as a percentage of experience gained in the entire game.
 F = Experience gained in this place divided by the number of levels of this place that you have seen.
                   A       B       C       D       E      F
               +-------+-------+-------+-------+-------+----------------------
         Total | 100.0 | 100.0 | 100.0 |   N/A | 100.0 | 962.4
       Dungeon | 100.0 | 100.0 | 100.0 |   N/A | 100.0 | 1137.4
               +-------+-------+-------+-------+-------+----------------------
